 Dungeon Crawl Stone Soup version 0.26.1-2-gb8aa6d0cf2 (webtiles) character file.

Game seed: 13835656779200004626

844 Gadfly the Cudgeller (level 7, 0/68 HPs)
             Began as a Troll Berserker on Mar 4, 2021.
             Was a Priest of Trog.
             Succumbed to a worker ant's poison
             ... on level 5 of the Dungeon.
             The game lasted 00:05:55 (3277 turns).

Gadfly the Cudgeller (Troll Berserker)              Turns: 3277, Time: 00:05:55

Health: 0/68       AC:  7    Str: 26    XL:     7   Next: 68%
Magic:  6/6        EV: 10    Int:  3    God:    Trog [***...]
Gold:   141        SH:  0    Dex: 11    Spells: 6/6 levels left

rFire    . . .     SeeInvis .   b - +4 quarterstaff (chaos)
rCold    . . .     Faith    .   (shield currently unavailable)
rNeg     . . .     Spirit   .   l - +0 robe {Will+}
rPois    .         Reflect  .   (helmet restricted)
rElec    .         Harm     .   k - +0 cloak
rCorr    +         Rampage  .   (gloves unavailable)
Will     +....                  (boots unavailable)
Stlth    +.........             (no amulet)
HPRegen  0.61/turn              n - ring of resist corrosion
MPRegen  0.10/turn              (no ring)

@: lethally poisoned (0 -> 0)
A: large, unfitting armour, claws 3, regeneration 1, shaggy fur 1, tough skin 3
a: Renounce Religion, Berserk, Trog's Hand


You were on level 5 of the Dungeon.
You worshipped Trog.
Trog was most pleased with you.
You visited 1 branch of the dungeon, and saw 5 of its levels.

You collected 141 gold pieces.

Inventory:

Hand Weapons
 a - a +0 flail
 b - a +4 quarterstaff of chaos (weapon)
 j - a +3 whip of venom
Armour
 k - a +0 cloak (worn)
 l - a +0 robe of willpower (worn)
Jewellery
 n - a ring of resist corrosion (left claw)
Scrolls
 c - 2 scrolls of fog
 f - a scroll of enchant armour
 g - a scroll of remove curse
Potions
 d - 2 potions of flight
 e - 2 potions of haste
 h - a potion of might
 i - a potion of attraction


   Skills:
 + Level 3.8 Fighting
 + Level 4.1 Maces & Flails
 * Level 3.9 Armour
 - Level 2.4 Dodging
 * Level 3.5 Evocations


You had 6 spell levels left.
You didn't know any spells.
Your spell library was empty.

Dungeon Overview and Level Annotations

Branches:
Dungeon (5/15)
 Temple: D:4-7

Altars:
Ashenzari
Cheibriados
Okawaru
Uskayaw


Innate Abilities, Weirdness & Mutations

You are too large for most types of armour.
You have claws for hands.
Your natural rate of healing is unusually fast.
You are covered in fur. (AC +1)
You have extremely tough skin. (AC +3)


Message History

You feel less confused.
You feel sick. The blink frog hits you!
* * * LOW HITPOINT WARNING * * *
You feel sick.
The blink frog blinks!
Something bites you.
* * * LOW HITPOINT WARNING * * *
It was a potion of curing.
You feel better. Something bites you.
* * * LOW HITPOINT WARNING * * *
Okay, then.
Something bites you.
* * * LOW HITPOINT WARNING * * *
Something bites you.
* * * LOW HITPOINT WARNING * * *
You are poisoned.
Something poisons you!
You feel sick.
You barely miss something.
You feel sick. Something bites you but does no damage. Something bites you.
* * * LOW HITPOINT WARNING * * *
It was a potion of cancellation.
You feel magically purged.
You die...

#... #......!# #
#..#####.......#.#
.>.........##...#
#.#..##..........
#.#..#...........
#........).......
#F...F..#.#)#...#
#.#.......# # .# #
#@##....###
#.##.##.###.#
#.......# #.#
####.##.###.#
#.......##
#########.####
.......<..#
###########


You could see a blink frog shaped shifter.

Vanquished Creatures
  Sigmund (D:2)
  Blork the orc (D:4)
  A scorpion (D:4)
  A centaur skeleton (D:4)
  3 hounds (D:4)
  4 orc priests (D:3)
  A bullfrog skeleton (D:4)
  Crazy Yiuf (D:3)
  Terence (D:2)
  2 iguanas
  A worker ant (D:4)
  5 adders
  2 oozes (D:3)
  An adder skeleton (D:4)
  5 worms
  6 dart slugs
  4 leopard geckos
  14 orcs (D:3)
  A giant cockroach (D:2)
  7 goblins
  7 hobgoblins
  3 jackals (D:4)
  8 kobolds
  2 quokkas
  A ball python (D:1)
  4 bats
  6 frilled lizards
  A jackal skeleton (D:4)
  A leopard gecko skeleton (D:4)
  A quokka skeleton (D:4)
  6 rats
102 creatures vanquished.

Notes
Turn   | Place    | Note
-------+----------+-------------------------------------------
     0 | D:1      | Gadfly the Troll Berserker began the quest for the Orb.
     0 | D:1      | Reached XP level 1. HP: 22/22 MP: 0/0
   141 | D:1      | Reached XP level 2. HP: 20/29 MP: 1/1
   358 | D:1      | Reached skill level 1 in Armour
   560 | D:2      | Reached skill level 1 in Evocations
   574 | D:2      | Reached XP level 3. HP: 30/36 MP: 2/2
   639 | D:2      | Noticed Terence
   648 | D:2      | Killed Terence
   649 | D:2      | Reached skill level 3 in Maces & Flails
   805 | D:2      | Reached XP level 4. HP: 44/44 MP: 3/3
   945 | D:2      | Reached ** piety under Trog
  1108 | D:2      | Noticed Sigmund
  1218 | D:2      | Killed Sigmund
  1219 | D:2      | Reached XP level 5. HP: 53/53 MP: 4/4
  1491 | D:3      | Reached XP level 6. HP: 60/61 MP: 5/5
  1502 | D:3      | Found a broken altar of Ashenzari.
  2429 | D:3      | Found a runed translucent door.
  2430 | D:3      | Noticed Crazy Yiuf
  2469 | D:3      | Found an iron altar of Okawaru.
  2469 | D:3      | Found a hide-covered altar of Uskayaw.
  2671 | D:3      | Killed Crazy Yiuf
  2764 | D:4      | Noticed Blork the orc
  2777 | D:4      | Killed Blork the orc
  2778 | D:4      | Reached XP level 7. HP: 66/67 MP: 6/6
  2911 | D:4      | Reached skill level 4 in Maces & Flails
  2917 | D:4      | Reached *** piety under Trog
  2948 | D:4      | Found a snail-covered altar of Cheibriados.
  3239 | D:5      | Entered Level 5 of the Dungeon
  3256 | D:5      | Noticed a shapeshifter
  3256 | D:5      | an ogre changed into a shapeshifter
  3256 | D:5      | Noticed a golden eye
  3256 | D:5      | a shapeshifter changed into a golden eye
  3269 | D:5      | Noticed a blink frog
  3269 | D:5      | a golden eye changed into a blink frog
  3276 | D:5      | HP: 1/68 [something (6)]
  3277 | D:5      | Succumbed to a worker ant's poison

Illustrated notes

Levels and vault maps discovered:
D:1:      lemuel_arrival_lava_pool, layout_rooms
D:2:      layout_basic, uniq_terence, uniq_sigmund
D:3:      layout_basic, amethyst_overflow_temple_binary,
          evilmike_ruin_ashenzari, uniq_crazy_yiuf_cottage
D:4:      layout_rooms, cheibriados_altar_1, uniq_blork_the_orc
D:5:      layout_loops_cross, xom_confusion_cloud, nzn_wu_jian_contemplation,
          temple_hall

Skill      XL: |  1  2  3  4  5  6  7 |
---------------+----------------------+-----
Armour         | 1 2 3 |  3.9
Evocations     | 1 2 3 |  3.5
Maces & Flails | 3 4 |  4.1
Fighting       | 3 |  3.8
Dodging        | |  2.4

Action                   |  1- 3 |  4- 6 |  7- 9 || total
-------------------------+-------+-------+-------++-------
Melee: Mace              |    78 |       |       ||    78
       Hand axe          |     5 |    78 |       ||    83
       Whip              |       |    55 |       ||    55
       Short sword       |       |    12 |       ||    12
       Quarterstaff      |       |     8 |    66 ||    74
Invok: Berserk           |     1 |     2 |       ||     3
  Use: Scroll            |     6 |     4 |     1 ||    11
       Potion            |     1 |     1 |     4 ||     6
 Stab: Sleeping          |       |     2 |     1 ||     3
       Paralysed         |       |       |     8 ||     8
Armor: Animal skin       |    35 |    37 |       ||    72
       Robe              |       |       |    42 ||    42
Dodge: Dodged            |    66 |    75 |    29 ||   170
